 Dungeon Crawl Stone Soup version 0.28-a0-828-g0121872642 (webtiles) character file.

Game seed: 8564674938222773483

7 croobank the Caller (level 1, 0/7 HPs)
             Began as a Felid Summoner on Nov 10, 2021.
             Slain by a bat (1 damage)
             ... on level 1 of the Dungeon.
             The game lasted 00:04:29 (731 turns).

croobank the Caller (Felid Summoner)                 Turns: 731, Time: 00:04:30

Health: 0/7        AC:  1    Str:  4    XL:     1   Next: 91%
Magic:  2/4        EV: 17    Int: 16    God:
Gold:   23         SH:  0    Dex: 16    Spells: 3/4 levels left
                                        Lives:  0   Deaths: 0

rFire   . . .      SeeInvis +   (weapon unavailable)
rCold   . . .      Faith    .   (shield unavailable)
rNeg    . . .      Spirit   .   (armour unavailable)
rPois   .          Reflect  .   (helmet unavailable)
rElec   .          Harm     .   (cloak unavailable)
rCorr   .          Rampage  .   (gloves unavailable)
Will    .....                   (boots unavailable)
Stlth   ++........              (no amulet)
HPRegen 0.02/turn               (no ring)
MPRegen 0.09/turn               (no ring)

@: flying, quick
A: very small, claws 1, fangs 3, see invisible, speed 1, shaggy fur 1, stealthy
paws, no weapons or thrown items, no armour, multi-lived
a: no special abilities


You were on level 1 of the Dungeon.
You visited 1 branch of the dungeon, and saw 1 of its levels.

You collected 23 gold pieces.

You aren't carrying anything.


   Skills:
 + Level 2.7 Dodging
 + Level 2.7 Stealth
 + Level 2.0 Spellcasting
 + Level 4.3 Summonings


You had 3 spell levels left.
You knew the following spells:

 Your Spells              Type           Power      Damage    Failure   Level
a - Summon Small Mammal   Summ           60%        N/A       3%          1

Your spell library contained the following spells:

 Spells                   Type           Power      Damage    Failure   Level
 Call Imp                 Summ           15%        N/A       5%          2
 Call Canine Familiar     Summ           15%        N/A       11%         3
 Summon Guardian Golem    Hex/Summ       8%         N/A       26%         3
 Summon Lightning Spire   Summ/Air       8%         N/A       63%         4


Dungeon Overview and Level Annotations

Branches:
Dungeon (1/15)

Altars:


Innate Abilities, Weirdness & Mutations

You have sharp claws.
You have razor-sharp teeth.
You have supernaturally acute eyesight. (SInv)
You cover ground quickly. (Speed+)
You are covered in fur. (AC +1)
Your paws help you pounce on unaware monsters.
You are incapable of wielding weapons or throwing items.
You cannot wear armour.
You gain extra lives every three experience levels.


Message History

Your bat hits the bat but does no damage.
The bat completely misses you. x2; Your bat completely misses the bat.
Your bat closely misses the bat.
The bat barely misses your bat. x2
You closely miss the bat.
Your bat closely misses the bat.
The bat misses your bat. The bat completely misses you.
The bat closely misses you. The bat misses your bat.
You barely miss the bat. The bat closely misses you. The bat misses your bat.
The bat closely misses you. The bat completely misses your bat.
Your bat barely misses the bat.
The bat barely misses your bat.
Your bat closely misses the bat.
The bat closely misses your bat.
Your bat closely misses the bat.
The bat barely misses you.
You barely miss the bat. The bat hits you. The bat hits you but does no damage.
The bat hits your bat.
Your bat closely misses the bat.
Your bat barely misses the bat.
The bat hits your bat.
Your bat closely misses the bat.
Your bat misses the bat. Something closely misses your bat. The bat hits you.
* * * LOW HITPOINT WARNING * * *
The bat barely misses you.
Casting: Summon Small Mammal (safe; 3% risk of failure)
Confirm with . or Enter, or press ? or * to list all spells.
Your bat disappears in a puff of smoke!
The bat misses you.
Your bat hits the bat. The bat hits you.
* * * LOW HITPOINT WARNING * * *
The bat hits your rat but does no damage.
The bat hits your rat.
You scratch the bat but do no damage.
The bat is moderately wounded.
The bat misses you. x2; The bat closely misses you.
Your bat barely misses the bat.
The bat barely misses your rat. The bat barely misses your bat.
Your bat barely misses the bat.
The bat completely misses you.
Your rat bites the bat but does no damage.
It was a potion of flight.
You feel very buoyant.
You fly up into the air.
The bat misses you.
Your bat hits the bat but does no damage.
The bat barely misses you. The bat closely misses you. The bat hits you.
You die...

#. #. ## ..
.# #. ###.
#.#.... ##
#..b#.#
....##b§##.#
#
#..)..##@####
#
####..bbrb..#
# #####.##.#
##.
##..#...#.#
##.#
##.....#...#
##.#
##....#...###
#..##
##...####.##
#...####...##
...
#.........##
####


You could see 3 bats and a friendly rat (summoned).

Vanquished Creatures (collateral kills)
  A ball python (D:1)
  2 endoplasms (D:1)
  2 goblins (D:1)
  A kobold (D:1)
6 creatures vanquished.

Notes
Turn   | Place    | Note
-------+----------+-------------------------------------------
     0 | D:1      | croobank the Felid Summoner began the quest for the Orb.
     0 | D:1      | Reached XP level 1. HP: 7/7 MP: 4/4
   687 | D:1      | Found a faded altar of an unknown god.
   731 | D:1      | Slain by a bat

Illustrated notes

Levels and vault maps discovered:
D:1:      dpeg_arrival_simpleton_b, layout_loops_ring,
          hellmonk_ecumenical_altar_crossroads, minmay_pentomino_q4

Action                   || total
-------------------------++-------
Melee: Unarmed           ||    12
 Cast: Summon Small Mamm ||    12
  Use: Potion            ||     1
Armor: Skin              ||     2
Dodge: Dodged            ||    30

Table legend: (Time is in decaauts)
 A = Elapsed time spent in this place.
 B = Non-inter-level travel time spent in this place.
 C = Inter-level travel time spent in this place.
 D = Time resting spent in this place.
 E = Time spent auto-exploring this place.
 F = Levels seen in this place.
 G = Mean time per level.
                   A        B        C        D        E       F      G
               +--------+--------+--------+--------+--------+-----+--------+
         Total |    696 |    696 |      0 |      0 |    583 |   1 |  696.0 |
       Dungeon |    696 |    696 |      0 |      0 |    583 |   1 |  696.0 |
               +--------+--------+--------+--------+--------+-----+--------+

Top non-repeatable levels by time:
     D:1: 696 daAuts
